AoeStats
← [Tunjos]Lord_Antic

Arabia

510168405Analyzed
1v1 RM · 1d ago on Sep 29, 2026· 34m 18s· 2 players
Game mode
Random Map
Map size
Tiny (2 player)
Population
200
Speed
Normal
Resources
Standard
Victory
Conquest
Starting age
Dark Age
Ending age
Imperial Age
RankedLock teamsTeams togetherTeam positionsShared explorationLock speedFull tech treeHidden civsTurbo modeCheats
Victory
Defeat
🇨🇴 Spanish · Colombia
1267
+15
🇹🇷 Spanish · Türkiye
1245
-15
aimLess bro
4:06 Loom
12:50 Feudal Age
12:58 Man-at-Arms
13:23 Horse Collar
13:30 Double-Bit Axe
22:17 Fletching
25:55 Castle Age
25:04 Padded Archer Armor
25:17 Gold Mining
27:34 Bodkin Arrow
27:48 Elite Skirmisher
[Tunjos]Lord_Antic
6:17 Loom
10:02 Feudal Age
11:21 Wheelbarrow
12:56 Double-Bit Axe
19:40 Gold Mining
19:59 Fletching
25:36 Castle Age
24:05 Horse Collar
26:26 Bodkin Arrow
26:43 Town Watch
27:19 Padded Archer Armor
34:02 Imperial Age
32:30 Leather Archer Armor
33:52 Bloodlines
Connection lost

Rejoining the realm…

Still unreachable

The connection could not be restored.

Session expired

The server has moved on; the page needs a fresh start.